AoeStats
← Celinha

Arena

509690704Analyzed
3v3 RM · 5d ago on Sep 27, 2026· 44m 21s· 6 players
Game mode
Random Map
Map size
Normal (6 player)
Population
200
Speed
Normal
Resources
Standard
Victory
Conquest
Starting age
Dark Age
Ending age
Imperial Age
RankedLock teamsTeams togetherTeam positionsShared explorationLock speedFull tech treeHidden civsTurbo modeCheats
Victory
Defeat
🇬🇧 Burgundians · United Kingdom
885
+14
🇨🇿 Spanish · Czechia
821
+17
🇲🇽 Sicilians · Mexico
810
+17
🇧🇷 Vietnamese · Brazil
880
-17
🇧🇷 Goths · Brazil
859
-17
🇧🇷 Franks · Brazil
786
-18
matheus503
10:43 Feudal Age
13:17 Double-Bit Axe
19:16 Loom
19:20 Town Watch
28:23 Town Watch
32:52 Horse Collar
38:04 Castle Age
Celinha
17:02 Feudal Age
25:08 Castle Age
28:33 Loom
RoughMountain
3:08 Loom
11:09 Feudal Age
15:49 Castle Age
13:46 Double-Bit Axe
14:05 Horse Collar
16:47 Heavy Plow
16:40 Gold Mining
21:20 Bow Saw
24:36 Wheelbarrow
26:31 Husbandry
26:42 Bloodlines
28:44 Forging
28:40 Scale Barding Armor
28:37 Light Cavalry
31:44 Hand Cart
31:15 Loom
32:32 Iron Casting
32:18 Chain Barding Armor
31:50 Fletching
35:59 Elite Skirmisher
37:02 Light Cavalry
Etrinio
10:57 Feudal Age
11:38 Double-Bit Axe
11:36 Horse Collar
16:50 Castle Age
21:27 Bow Saw
21:29 Heavy Plow
21:26 Loom
22:21 Wheelbarrow
21:38 Town Watch
22:06 Gold Mining
26:32 Hand Cart
26:56 Ballistics
27:41 Stone Mining
30:56 Imperial Age
29:49 Caravan
30:19 Coinage
31:06 Elite Conquistador
32:09 Conscription
31:31 Elite Conquistador
33:22 Banking
33:43 Banking
33:24 Guilds
34:44 Chemistry
34:51 Two-Man Saw
34:30 Stone Shaft Mining
40:10 Padded Archer Armor
40:01 Fletching
40:16 Scale Barding Armor
40:22 Forging
43:26 Theocracy
43:13 Redemption
j.quintero_1988
0:49 Loom
16:15 Feudal Age
24:23 Feudal Age
27:51 Fletching
38:39 Castle Age
45:28 Castle Age
45:34 Castle Age
misaltamonteschiquitin
1:41 Wheelbarrow
11:21 Feudal Age
9:53 Double-Bit Axe
12:23 Hand Cart
13:20 Bow Saw
13:34 Loom
17:48 Scale Mail Armor
18:18 Forging
18:54 Arson
19:51 Horse Collar
21:24 Heavy Plow
23:47 Gold Mining
26:27 Castle Age
25:44 Scale Barding Armor
26:16 Fletching
27:10 Squires
29:30 Two-Man Saw
28:10 Pikeman
29:27 Iron Casting
31:59 Gold Shaft Mining
31:16 Stone Mining
31:57 Crop Rotation
31:08 Cavalier
31:49 Husbandry
33:48 Stone Shaft Mining
33:37 Town Watch
35:07 Chain Barding Armor
36:13 Bodkin Arrow
37:07 Chain Mail Armor
42:40 Burgundian Vineyards
Connection lost

Rejoining the realm…

Still unreachable

The connection could not be restored.

Session expired

The server has moved on; the page needs a fresh start.